 Dungeon Crawl Stone Soup version 0.31.0-12-g77e489cdc1 (webtiles) character file.

Game seed: 10133222977226623209

709 Bilitz the Trooper (level 7, 0/73 HPs)
             Began as an Octopode Shapeshifter on Feb 13, 2024.
             Was an Initiate of Okawaru.
             Slain by a wyvern (11 damage)
             ... on level 5 of the Dungeon.
             The game lasted 00:05:48 (4029 turns).

Bilitz the Trooper (Octopode Shapeshifter)          Turns: 4029, Time: 00:05:48

Health: 0/73       AC: 23    Str: 13    XL:     7   Next: 68%
Magic:  8/8        EV:  2    Int: 12    God:    Okawaru [......]
Gold:   255        SH:  0    Dex: 14    Spells: 6/6 levels left

rFire   . .          .
                       - Unarmed
rCold   . . .        k - +2 buckler
rNeg    + . .        (helmet currently unavailable)
rPois   +            (no amulet)
rElec   .            R - ring of resist corrosion
rCorr   +            N - ring of positive energy
SInv    .            (no ring)
Will    .....        (no ring)
Stlth   +            (no ring)
HPRegen 0.32/turn    (no ring)
MPRegen 0.11/turn    (no ring)
                     (no ring)

%: no passive effects
@: confused, tree-form
A: stationary, stasis, torment immunity, boosted hp, almost no armour,
(amphibious), 8 rings, (camouflage 1), (gelatinous body 1), (nimble swimmer 1),
(tentacles)
a: Renounce Religion


You were on level 5 of the Dungeon.
You worshipped Okawaru.
Okawaru was noncommittal.
You were a tree.
You visited 2 branches of the dungeon, and saw 6 of its levels.

You collected 255 gold pieces.


Innate Abilities, Weirdness & Mutations

You are a tree.
Your roots penetrate the ground, keeping you stationary.
You cannot be teleported.
You are immune to unholy pain and torment.
Your maximum health is greatly increased.
You cannot wear most types of armour.
((You are amphibious.))
You can wear up to eight rings at the same time.
((Your skin changes colour to match your surroundings (Stealth+).))
((Your rubbery body absorbs attacks. (AC +1, EV +1)))
((You are camouflaged when in or above water. (Stealth+)))
((You have tentacles for arms and can constrict up to eight enemies at once.))


   Skills:
 + Level 4.9 Fighting
 + Level 3.7 Dodging
 + Level 4.8 Unarmed Combat
 + Level 1.6 Invocations
 + Level 4.5 Shapeshifting


You had 6 spell levels left.
You didn't know any spells.
Your spell library contained the following spells:

 Spells                   Type           Power      Damage    Failure   Level
 Magic Dart               Conj           0%         1d3       43%         1
 Slow                     Hex            0%         N/A       43%         1
 Sting                    Conj/Alch      0%         1d3       43%         1
 Blink                    Tloc           0%         N/A       56%         2
 Confusing Touch          Hex            0%         N/A       80%         3
 Gell's Gravitas          Tloc           0%         N/A       80%         3
 Sigil of Binding         Hex            0%         N/A       80%         3
 Teleport Other           Tloc           0%         N/A       80%         3
 Vampiric Draining        Necr           0%         2d6       80%         3
 Petrify                  Alch/Erth      0%         N/A       99%         4
 Sticky Flame             Fire/Alch      0%         2d4       99%         4
 Borgnjor's Vile Clutch   Necr/Erth      0%         N/A       100%        5
 Yara's Violent Unravell  Hex/Alch       0%         3d3       100%        5
 Dispersal                Tloc           0%         N/A       100%        6
 Call Imp                 Summ           Unusable   N/A       N/A         2

Inventory:

Missiles
 o - 6 poisoned darts (quivered)
Armour
 k - a +2 buckler (worn)
Jewellery
 N - a ring of positive energy (right branch)
 R - a ring of resist corrosion (left branch)
Talismans
 b - a beast talisman
 c - a flux talisman
Scrolls
 g - a scroll of amnesia {unknown}
 i - a scroll of enchant armour {unknown}
 j - a scroll of vulnerability {unknown}
 l - a scroll of acquirement {unknown}
 n - a scroll of torment {unknown}
 q - a scroll of immolation {unknown}
 r - a scroll of teleportation {unknown}
Potions
 d - a potion of resistance
 e - a potion of curing {@q1}
 h - a potion of might
 m - a potion of heal wounds {unknown}

Dungeon Overview and Level Annotations

Branches:
Dungeon (5/15)             Temple (1/1) D:5

Altars:
Ashenzari
Cheibriados
Dithmenos
Hepliaklqana
Makhleb
Nemelex Xobeh
Okawaru
Qazlal
Ru
Trog
Uskayaw
Wu Jian
Xom
Zin
The Shining One

Annotations:
D:5 Blork the orc

##.#..# #..........#
#......##.#........##
#.## #....#.........#
#...###..##.........#
#........#####.......
##......#####........
####................
##).....#.....#.....
##.k♣.)..#.....#.....
#..#.....##...##.....
#..#......#...#......
#..#(.....##.##...)..
#..####....#.#....###
#..# ##.#####.###..
#... ##...###....
#... +.⚑.#...... ..$.
#...###....


You could see a wyvern.


Message History

You completely miss the wyvern.
The wyvern bites you but does no damage.
Ijyb hits you but does no damage.
Unknown command.
You swing at nothing.
The wyvern completely misses you. Ijyb hits you but does no damage.
The wyvern barely misses you.
Unknown command.
You swing at nothing.
You feel less confused.
The wyvern bites you but does no damage.
Ijyb zaps a wand.
Your will is overpowered!
You are confused.
You hit Ijyb.
You kill Ijyb!
Okawaru accepts your kill.
The wyvern bites you but does no damage.
The wyvern bites you!
* * * LOW HITPOINT WARNING * * *
Unknown command.
You swing at nothing.
The wyvern bites you!
* * * LOW HITPOINT WARNING * * *
You attack the rock wall.
The wyvern bites you but does no damage.
The wyvern bites you!
* * * LOW HITPOINT WARNING * * *
You swing at nothing.
The wyvern bites you.
* * * LOW HITPOINT WARNING * * *
You attack the rock wall.
The wyvern bites you!
You die...

Skill      XL: |  1  2  3  4  5  6  7 |
---------------+----------------------+-----
Fighting       | 2 3 4 |  4.9
Unarmed Combat | 4 |  4.8
Shapeshifting  | 4 |  4.5
Dodging        | 3 |  3.7
Invocations    | 1 |  1.6

Action                     |  1- 3 |  4- 6 |  7- 9 || total
---------------------------+-------+-------+-------++-------
  Melee: Unarmed           |    83 |    75 |    37 ||   195
         Constrict         |    18 |    20 |     5 ||    43
         Tentacles         |     9 |    21 |     7 ||    37
         Punch             |       |     3 |     5 ||     8
  Throw: Dart              |       |     2 |       ||     2
    Use: Scroll            |       |     4 |       ||     4
         Potion            |       |       |     1 ||     1
   Stab: Sleeping          |     3 |     8 |     2 ||    13
         Distracted        |     1 |       |       ||     1
 Armour: Skin              |    32 |    30 |    44 ||   106
  Dodge: Dodged            |    57 |    40 |    19 ||   116
  Block: Buckler           |     3 |    22 |     2 ||    27

Levels and vault maps discovered:
D:1:      tarquinn_simple_flora_water_f, layout_rooms
D:2:      layout_rooms, st_stairs_7, dreamdust_wishing_well
D:3:      layout_basic, uniq_crazy_yiuf_cottage
D:4:      layout_basic, grunt_ministairs_1, nicolae_zig_zag_zippers,
          uniq_eustachio
D:5:      layout_rooms, nicolae_ashenzari_panopticon,
          minmay_temple_entry_mini_moons, kennysheep_generic_room_2,
          uniq_blork_the_orc, uniq_ijyb
Temple:   minmay_temple_curvy_branch

Notes
Turn   | Place    | Note
-------+----------+-------------------------------------------
     0 | D:1      | Bilitz the Octopode Shapeshifter began the quest for the
                  | Orb.
     0 | D:1      | Reached XP level 1. HP: 13/13 MP: 1/1
   167 | D:1      | Reached skill level 2 in Fighting
   167 | D:1      | Reached XP level 2. HP: 10/19 MP: 2/2
   637 | D:2      | Reached skill level 3 in Fighting
   637 | D:2      | Reached XP level 3. HP: 17/26 MP: 3/3
   844 | D:2      | Got the Codex of Topomancy and Distillation
   995 | D:2      | You fall into a shaft and drop 1 floor!
  1604 | D:3      | Reached XP level 4. HP: 27/31 MP: 4/4
  2149 | D:3      | Found a runed translucent door.
  2150 | D:3      | Noticed Crazy Yiuf
  2157 | D:3      | Killed Crazy Yiuf
  2258 | D:3      | Reached XP level 5. HP: 33/36 MP: 5/5
  2421 | D:4      | Noticed Eustachio
  2438 | D:4      | Killed Eustachio
  2439 | D:4      | Reached skill level 4 in Fighting
  2439 | D:4      | Reached skill level 4 in Unarmed Combat
  2439 | D:4      | Reached XP level 6. HP: 16/43 MP: 6/6
  2626 | D:4      | Reached skill level 4 in Shapeshifting
  2917 | D:4      | Reached skill level 3 in Dodging
  3338 | D:4      | Identified a potion of resistance
  3378 | D:5      | Entered Level 5 of the Dungeon
  3563 | D:5      | Reached XP level 7. HP: 44/49 MP: 7/7
  3581 | D:5      | Found a staircase to the Ecumenical Temple.
  3595 | Temple   | Entered the Ecumenical Temple
  3623 | Temple   | Became a worshipper of Warmaster Okawaru
  3812 | D:5      | Noticed Blork the orc
  3877 | D:5      | Found a broken altar of Ashenzari.
  3882 | D:5      | Reached skill level 1 in Invocations
  3990 | D:5      | Noticed Ijyb
  4006 | D:5      | Noticed a wyvern
  4025 | D:5      | Killed Ijyb
  4029 | D:5      | Slain by a wyvern

Vanquished Creatures
  Eustachio (D:4)
  An ogre (D:5)
  A howler monkey (D:4)
  2 hounds (D:5)
  A bombardier beetle (D:5)
  Crazy Yiuf (D:3)
  A jelly (D:5)
  2 iguanas (D:4)
  Ijyb (D:5)
  2 orc wizards (D:5)
  3 gnolls (D:4)
  5 adders
  2 dart slugs
  A ribbon worm (D:3)
  12 orcs
  5 endoplasms
  6 giant cockroaches
  6 goblins
  2 hobgoblins (D:1)
  2 jackals (D:2)
  9 kobolds
  2 quokkas
  6 ball pythons
  5 bats
  5 frilled lizards
  5 rats
89 creatures vanquished.

Table legend: (Time is in decaauts)
 A = Elapsed time spent in this place.
 B = Non-inter-level travel time spent in this place.
 C = Inter-level travel time spent in this place.
 D = Time resting spent in this place.
 E = Time spent auto-exploring this place.
 F = Levels seen in this place.
 G = Mean time per level.
                   A        B        C        D        E       F      G
               +--------+--------+--------+--------+--------+-----+--------+
         Total |   4038 |   3703 |    335 |    450 |   2623 |   6 |  673.0 |
       Dungeon |   3987 |   3696 |    291 |    450 |   2623 |   5 |  797.4 |
        Temple |     50 |      7 |     43 |      0 |      0 |   1 |   50.0 |
               +--------+--------+--------+--------+--------+-----+--------+

Top non-repeatable levels by time:
     D:3: 1218 daAuts
     D:4: 1174 daAuts
     D:1: 608 daAuts
     D:2: 566 daAuts
     D:5: 419 daAuts
  Temple: 50 daAuts

Table legend:
 A = Non-vault XP
 B = Vault XP
 C = Vault XP percentage of total XP
 D = Non-vault monster count
 E = Vault monster count
 F = Vault count percentage of total count
                 A         B        C        D         E       F
            +---------+---------+-------+---------+---------+-------
      Total |     660 |     353 |  34.8 |      82 |       7 |   7.9
            +---------+---------+-------+---------+---------+-------
        D:1 |      32 |       0 |   0.0 |      20 |       0 |   0.0
        D:2 |      23 |      15 |  39.5 |      15 |       2 |  11.8
        D:3 |      57 |      40 |  41.2 |      17 |       1 |   5.6
        D:4 |     164 |     262 |  61.5 |      19 |       3 |  13.6
        D:5 |     384 |      36 |   8.6 |      11 |       1 |   8.3
            +---------+---------+-------+---------+---------+-------
